 Dungeon Crawl Stone Soup version 0.31-a0-620-gd1cbd99268 (webtiles) character file.

Game seed: 4112349612177673133

68 Ghostmaker01 the Ruffian (level 3, -8/18 HPs)
             Began as a Demigod Shapeshifter on Aug 21, 2023.
             Mangled by an orc
             ... wielding a +0 flail
              (10 damage)
             ... on level 2 of the Dungeon on Aug 23, 2023.
             The game lasted 00:03:56 (1740 turns).

Ghostmaker01 the Ruffian (Demigod Shapeshifter)     Turns: 1740, Time: 00:03:56

Health: -8/18      AC:  2    Str: 20    XL:     3   Next: 73%
Magic:  5/5        EV: 12    Int: 10    God:
Gold:   67         SH:  0    Dex: 14    Spells: 2/2 levels left

rFire   . .          .
                       - Unarmed
rCold   . . .        (shield currently unavailable)
rNeg    . . .        i - +0 robe
rPois   .            (helmet restricted)
rElec   .            (no cloak)
rCorr   .            (no gloves)
SInv    +            (no boots)
Will    .....        (no amulet)
Stlth   +            j - ring of see invisible
HPRegen 0.23/turn    (no ring)
MPRegen 0.09/turn

%: no passive effects
@: flux-form, glowing
A: glow, contaminating, reduced hp, high MP 1, forlorn, divine attributes, claws
1, horns 1
a: Begin Untransformation


You were on level 2 of the Dungeon.
You were something dangerously unstable.
You visited 1 branch of the dungeon, and saw 2 of its levels.

You collected 67 gold pieces.

Inventory:

Armour
 i - a +0 robe (worn)
Jewellery
 j - a ring of see invisible (left claw)
Talismans
 c - a beast talisman
 d - a flux talisman (active)
Scrolls
 e - a scroll of blinking {unknown}
 f - a scroll of brand weapon {unknown}
 g - a scroll of teleportation {unknown}
 h - a scroll of identify {unknown}
Potions
 b - a potion of lignification


   Skills:
 * Level 1.2 Fighting
 + Level 1.9 Dodging
 + Level 0.1 Stealth
 * Level 3.7 Unarmed Combat
 * Level 3.4 Shapeshifting


You had 2 spell levels left.
You didn't know any spells.
Your spell library contained the following spells:

 Spells                   Type           Power      Damage    Failure   Level
 Blink                    Tloc           0%         N/A       50%         2
 Lesser Beckoning         Tloc           0%         N/A       50%         2
 Momentum Strike          Conj/Tloc      0%         3d8       50%         2


Dungeon Overview and Level Annotations

Branches:
Dungeon (2/15)


Innate Abilities, Weirdness & Mutations

You are something dangerously unstable.
You glow with magical radiation, making you easy to see and hit.
Foes you strike become dangerously contaminated with magical radiation.
Your maximum health is decreased, since you lack skill for your form.
You are incapable of wielding weapons or throwing items.
You have an increased reservoir of magic. (+10% MP)
You shall have no god before yourself.
Your divine heritage dramatically boosts your attributes as you level up.
You have sharp fingernails.
You have a pair of small horns on your head.


Message History

You hit the orc but do no damage.
The orc glows dangerously bright.
The orc misses you.
You hit the orc but do no damage.
The orc shudders as magic cascades through it!!
You kill the orc!
The kobold throws a stone.
The stone closely misses you. The kobold barely misses you.
Items here: ))) [[ †††.
You hit the kobold but do no damage.
The kobold begins to glow.
The kobold misses you.
You hit the kobold but do no damage.
The kobold glows dangerously bright.
You hit the kobold.
You kill the kobold!
You hit the orc but do no damage.
The orc begins to glow.
The orc barely misses you.
You hit the orc but do no damage.
The orc glows dangerously bright.
The orc hits you with a +0 flail.
You are too injured to fight recklessly!
You are too injured to fight recklessly!
You are too injured to fight recklessly!
You are too injured to fight recklessly!
You are too injured to fight recklessly!
You are too injured to fight recklessly!
You are too injured to fight recklessly!
You are too injured to fight recklessly!
You are too injured to fight recklessly!
You are too injured to fight recklessly!
You are too injured to fight recklessly!
You are too injured to fight recklessly!
You hit the orc.
The orc shudders as magic cascades through it.
The orc twists and deforms.
The orc is almost dead.
The orc hits you with a +0 flail.
* * * LOW HITPOINT WARNING * * *
It was a potion of mutation.
You feel extremely strange. A pair of horns grows on your head!
Your fingernails lengthen.
The orc hits you with a +0 flail!
Ouch! That really hurt!
You die...

........### #.
........# ##.
#######.## ##..
.........# ...##
#.#...#..# ....
#..##..# .o#
#..##..# #o#
#......# #B#
#.....[# #.#
#......#
#.#########.#...#
#.......#<......#
#######.###.##..#
#.#.......#
#.#.#.##.##
#.#.#.##.#
#.#.#.##.#


You could see 2 orcs.

Vanquished Creatures
  An orc wizard (D:2)
  3 dart slugs
  2 orcs (D:2)
  4 endoplasms
  A giant cockroach (D:1)
  5 goblins
  3 hobgoblins
  5 kobolds
  A quokka (D:1)
  2 ball pythons (D:1)
  6 bats
  3 rats (D:1)
36 creatures vanquished.

Notes
Turn   | Place    | Note
-------+----------+-------------------------------------------
     0 | D:1      | Ghostmaker01 the Demigod Shapeshifter began the quest for
                  | the Orb.
     0 | D:1      | Reached XP level 1. HP: 15/15 MP: 3/3
   257 | D:1      | Reached XP level 2. HP: 21/22 MP: 4/4
   456 | D:1      | Reached skill level 1 in Fighting
  1208 | D:2      | Reached XP level 3. HP: 17/28 MP: 5/5
  1208 | D:2      | Upgraded the game from 0.31-a0-609-g7bf6ffcfed to
                  | 0.31-a0-620-gd1cbd99268
  1740 | D:2      | Gained mutation: You have a pair of small horns on your
                  | head. [potion of mutation]
  1740 | D:2      | Gained mutation: You have sharp fingernails. [potion of
                  | mutation]
  1740 | D:2      | Mangled by an orc

Illustrated notes

Levels and vault maps discovered:
D:1:      lemuel_arrival_broad_hall, layout_basic,
          shapermc_ecumenical_altar_pompeii, chequers_serial_rivers_micro_b
D:2:      layout_basic, basic_altar

Skill      XL: |  1  2 |
---------------+-------+-----
Unarmed Combat | 3 |  3.7
Fighting       | 1 |  1.2
Shapeshifting  | 3 |  3.4
Dodging        | |  1.9
Stealth        | |  0.1

Action                     || total
---------------------------++-------
  Melee: Unarmed           ||   100
    Use: Potion            ||     1
   Stab: Sleeping          ||     1
 Armour: Animal skin       ||     8
         Robe              ||     2
  Dodge: Dodged            ||    63
   Form: Flux              ||     1

Table legend: (Time is in decaauts)
 A = Elapsed time spent in this place.
 B = Non-inter-level travel time spent in this place.
 C = Inter-level travel time spent in this place.
 D = Time resting spent in this place.
 E = Time spent auto-exploring this place.
 F = Levels seen in this place.
 G = Mean time per level.
                   A        B        C        D        E       F      G
               +--------+--------+--------+--------+--------+-----+--------+
         Total |   1734 |   1554 |    180 |      5 |   1320 |   2 |  867.0 |
       Dungeon |   1734 |   1554 |    180 |      5 |   1320 |   2 |  867.0 |
               +--------+--------+--------+--------+--------+-----+--------+

Top non-repeatable levels by time:
     D:1: 1065 daAuts
     D:2: 668 daAuts
